 Dungeon Crawl Stone Soup version 0.31-a0-1008-g5b978dac0e (webtiles) character file.

Game seed: 7474639167056600752

681 Azuregosa the Covert (level 7, -3/54 HPs)
             Began as an Octopode Delver on Nov 12, 2023.
             Slain by an ice beast (4 damage)
             ... on level 5 of the Dungeon.
             The game lasted 00:13:19 (3057 turns).

Azuregosa the Covert (Octopode Delver)              Turns: 3057, Time: 00:13:20

Health: -3/54      AC:  1    Str: 12    XL:     7   Next: 61%
Magic:  7/7        EV: 13    Int: 12    God:
Gold:   125        SH:  0    Dex: 15    Spells: 6/6 levels left

rFire   . . .        a - +0 falchion
rCold   . . .        (no shield)
rNeg    . . .        (helmet restricted)
rPois   .            (no amulet)
rElec   .            (no ring)
rCorr   .            (no ring)
SInv    .            (no ring)
Will    .....        (no ring)
Stlth   +++++        (no ring)
HPRegen 0.29/turn    (no ring)
MPRegen 0.10/turn    (no ring)
                     (no ring)

%: no passive effects
@: no status effects
A: almost no armour, amphibious, 8 rings, camouflage 1, gelatinous body 1,
(nimble swimmer 1), tentacles
a: no special abilities


You were on level 5 of the Dungeon.
You visited 2 branches of the dungeon, and saw 3 of its levels.
You also visited: Sewer.

You collected 125 gold pieces.

Inventory:

Hand Weapons
 a - a +0 falchion (weapon)
 o - a +0 short sword of draining
Missiles
 d - 11 poisoned darts (quivered)
 i - 54 stones
 l - a curare-tipped dart
 p - 2 boomerangs
Jewellery
 s - an amulet of faith
Wands
 f - a wand of digging (3)
Scrolls
 b - a scroll of fog
 c - 3 scrolls of identify {unknown}
 g - a scroll of enchant weapon {unknown}
 h - a scroll of teleportation {unknown}
 j - a scroll of summoning {unknown}
 m - a scroll of enchant armour {unknown}
Potions
 e - a potion of haste
 k - a potion of experience {unknown}
 n - a potion of magic
 q - a potion of enlightenment {unknown}
 r - a potion of lignification {unknown}


   Skills:
 + Level 7.8 Fighting
 - Level 2.0 Long Blades
 - Level 2.0 Dodging
 - Level 8.5 Stealth


You had 6 spell levels left.
You didn't know any spells.
Your spell library was empty.

Dungeon Overview and Level Annotations

Branches:
Dungeon (5/15)             Temple (1/1) D:5           Sewer (visited)

Altars:
Elyvilon
Okawaru
Ru
Trog
Xom
Yredelemnul
Zin
Lugonu

Annotations:
D:4 Blork the orc, Robin


Innate Abilities, Weirdness & Mutations

You cannot wear most types of armour.
You are amphibious.
You can wear up to eight rings at the same time.
Your skin changes colour to match your surroundings (Stealth+).
Your rubbery body absorbs attacks. (AC +1, EV +1)
((You are camouflaged when in or above water. (Stealth+)))
You have tentacles for arms and can constrict up to eight enemies at once.


Message History

The iguana bites you! The iguana bites you.
You slash the iguana! You grab the iguana.
The iguana is heavily wounded.
You constrict the iguana, but do no damage.
The iguana bites you!
You hit the iguana. You squeeze the iguana.
The iguana is almost dead.
You constrict the iguana, but do no damage.
The iguana bites you.
You completely miss the iguana. You squeeze the iguana.
You kill the iguana!
You start resting.
HP restored.
You open the door. You open the door.
There is an open door here.
Found a sling.
Found a stone staircase leading down.
You see here a +0 sling.
An ice beast comes into view.
Found a silvery potion and 2 poisoned darts.
You barely miss the ice beast. The ice beast closely misses you.
You hit the ice beast. Your squeeze misses the ice beast.
The ice beast is lightly wounded.
The ice beast hits you. The ice beast freezes you! The ice beast hits you.
The ice beast freezes you!
You closely miss the ice beast.
The ice beast is lightly wounded.
The ice beast hits you. The ice beast freezes you!
* * * LOW HITPOINT WARNING * * *
You hit the ice beast. You squeeze the ice beast.
The ice beast is moderately wounded.
The ice beast hits you.
* * * LOW HITPOINT WARNING * * *
The ice beast freezes you!
* * * LOW HITPOINT WARNING * * *
Unknown command.
It was a potion of magic.
Magic courses through your body. The ice beast hits you.
You die...

*,,+.....+...,,,* ***#+#<..#
*,*#.....#.#####***####.##.##
*,*#............,,,........#*
*,*#.###..#########...#.##.##
*,*#.#>..)..................#
*,*#.#.####....#.#,#+###....#
*,*#.#.,,,#....#,*,#.# #....#
*,*#.#,**,#....#.#.#.#*#.....
*,*#.#,**,#.@......#.........
*,*#.#,**,#.Y..#.....#####...
*,*#.#,**,+...!#*###.# #...
*,*#.#,***#.(..# #.# #...
*,*#.#,,,,.....# #.#####...
*,*#.#***####### #.#...+...
*,*#.# #.##.##... *,*#.#
#.##.##... *,*#.# #.##.#####


You could see an ice beast.

Vanquished Creatures
  An ice beast (D:5)
  4 kobold brigands
  A hound (D:5)
  4 iguanas
  3 gnolls (D:4)
  3 adders
  4 river rats (Sewer)
  3 orcs (D:4)
  5 ball pythons
  3 giant cockroaches (D:4)
  9 goblins (D:4)
  7 hobgoblins (D:4)
  6 jackals
  4 quokkas
  2 frilled lizards (Sewer)
  28 kobolds
  2 rats (Sewer)
89 creatures vanquished.

Notes
Turn   | Place    | Note
-------+----------+-------------------------------------------
     0 | D:5      | Azuregosa the Octopode Delver began the quest for the Orb.
     0 | D:5      | Reached XP level 1. HP: 16/16 MP: 1/1
     1 | D:5      | Found a staircase to the Ecumenical Temple.
    11 | Temple   | Entered the Ecumenical Temple
    46 | D:5      | Noticed an iguana
   169 | D:4      | Reached skill level 7 in Stealth
   169 | D:4      | Reached XP level 2. HP: 20/21 MP: 2/2
   188 | D:4      | Noticed Robin
   246 | D:4      | Reached skill level 8 in Stealth
   246 | D:4      | Reached XP level 3. HP: 3/26 MP: 3/3
   355 | D:4      | Noticed Blork the orc
   588 | D:4      | Found a glowing drain.
   597 | Sewer    | Entered a sewer
   613 | Sewer    | Reached XP level 4. HP: 28/31 MP: 4/4
   666 | Sewer    | Noticed a kobold brigand
   679 | Sewer    | Killed a kobold brigand
   680 | Sewer    | Reached XP level 5. HP: 10/38 MP: 5/5
   881 | Sewer    | Noticed a kobold brigand
   896 | Sewer    | Killed a kobold brigand
   897 | Sewer    | Reached skill level 5 in Fighting
  1091 | Sewer    | Reached XP level 6. HP: 40/45 MP: 6/6
  2135 | D:4      | Reached XP level 7. HP: 35/53 MP: 7/7
  2567 | D:5      | Found the +7 staff of the Meek {protect, meekguard}
  3056 | D:5      | HP: 1/54 [ice beast (7)]
  3057 | D:5      | Slain by an ice beast

Illustrated notes

Levels and vault maps discovered:
D:4:      minmay_goblin_kobold_castle, layout_basic, old_standard_altar,
          portal_sewer_entry_f, uniq_robin, uniq_blork_the_orc, uniq_eustachio
D:5:      layout_basic, temple_statues, minmay_hedge_maze
Temple:   corrupted_temple

Skill      XL: |  1  2  3  4  5  6  7 |
---------------+----------------------+-----
Stealth        | 7 8 |  8.5
Fighting       | 4 5 6 7 |  7.8
Long Blades    | |  2.0
Dodging        | |  2.0

Action                     |  1- 3 |  4- 6 |  7- 9 || total
---------------------------+-------+-------+-------++-------
  Melee: Falchion          |    41 |   147 |    47 ||   235
         Constrict         |    12 |    41 |    10 ||    63
         Tentacles         |     8 |    38 |    15 ||    61
         Punch             |     1 |     2 |     1 ||     4
    Use: Scroll            |     1 |     1 |       ||     2
         Potion            |       |       |     1 ||     1
   Stab: Sleeping          |     3 |     9 |     3 ||    15
         Distracted        |       |     1 |       ||     1
 Armour: Skin              |    21 |    65 |    32 ||   118
  Dodge: Dodged            |    28 |    82 |    28 ||   138

Table legend: (Time is in decaauts)
 A = Elapsed time spent in this place.
 B = Non-inter-level travel time spent in this place.
 C = Inter-level travel time spent in this place.
 D = Time resting spent in this place.
 E = Time spent auto-exploring this place.
 F = Levels seen in this place.
 G = Mean time per level.
                   A        B        C        D        E       F      G
               +--------+--------+--------+--------+--------+-----+--------+
         Total |   3103 |   3103 |      0 |   1265 |    490 |   4 |  775.8 |
       Dungeon |   2145 |   2145 |      0 |    908 |    210 |   2 | 1072.5 |
        Temple |     15 |     15 |      0 |      0 |      0 |   1 |   15.0 |
         Sewer |    941 |    941 |      0 |    357 |    280 |   1 |  941.0 |
               +--------+--------+--------+--------+--------+-----+--------+

Top non-repeatable levels by time:
     D:4: 1596 daAuts
   Sewer: 941 daAuts
     D:5: 549 daAuts
  Temple: 15 daAuts
